 Dungeon Crawl Stone Soup version 0.21-a0-264-g3e31e41 (webtiles) character file.

10131 Chiseanne the Fighter (level 11, -1/131 HPs)
             Began as an Ogre Wanderer on Sept 10, 2017.
             Was an Initiate of Gozag.
             Slain by a komodo dragon (3 damage)
             ... on level 1 of the Lair of Beasts.
             The game lasted 00:39:26 (17428 turns).

Chiseanne the Fighter (Ogre Wanderer)              Turns: 17428, Time: 00:39:26

Health: -1/131     AC: 17    Str: 23    XL:     11   Next: 57%
Magic:  12/12      EV:  9    Int: 11    God:    Gozag
Gold:   112        SH:  0    Dex: 10    Spells: 12/12 levels left

rFire    + + .     SeeInvis .   a - +4 long sword (protect)
rCold    . . .     Gourm    .   (no shield)
rNeg     . . .     Faith    .   q - +4 robe "Oprol" {rElec rF+}
rPois    .         Spirit   .   (helmet restricted)
rElec    +         Reflect  .   l - +2 cloak
rCorr    .         Harm     .   (gloves unavailable)
MR       +....                  (boots unavailable)
Stlth    +.........             (no amulet)
HPRegen  0.31/turn              v - ring of protection from fire
MPRegen  0.13/turn              t - +2 ring of strength

@: gold aura, protection aura, hasted, extremely drained, very quick
A: unfitting armour, tough skin 1
a: Potion Petition, Call Merchant, Bribe Branch, Renounce Religion


You were on level 1 of the Lair of Beasts.
You worshipped Gozag.
Gozag was aware of your devotion.
You were hungry.

You visited 3 branches of the dungeon, and saw 12 of its levels.

You collected 899 gold pieces.
You spent 365 gold pieces at shops.
You paid 422 gold pieces to Gozag.

Inventory:

Hand Weapons
 a - a +4 long sword of protection (weapon)
 j - a +2 war axe of electrocution
 s - a +3 quarterstaff of chaos
 x - a +0 blowgun
 D - a +3 scimitar of freezing
 J - a +0 giant spiked club
Missiles
 e - 77 poisoned needles
 g - 247 stones
 k - 118 arrows
 n - 102 bolts
 o - 109 sling bullets
 y - 12 tomahawks (quivered)
 z - 3 javelins
 E - 4 large rocks
Armour
 l - a +2 cloak (worn)
 q - the +4 robe "Oprol" (worn) {rElec rF+}
   (You bought it in a shop on level 5 of the Dungeon)

   It protects you from fire.
   It insulates you from electricity.
Jewellery
 t - a +2 ring of strength (right hand)
 v - a ring of protection from fire (left hand)
Scrolls
 c - a scroll of enchant armour
 h - a scroll of remove curse
 m - 2 scrolls of identify
 I - a scroll of magic mapping
Potions
 i - 2 potions of brilliance
 p - 2 potions of flight
 r - a potion of ambrosia
 A - a potion of magic
Books
 b - the Reference Book on Lightness

   Spells                             Type                      Level
   a - Swiftness                      Charms/Air                   2
   b - Poisonous Vapours              Poison/Air                   2
 u - a book of Maledictions

   Spells                             Type                      Level
   a - Corona                         Hexes                        1
   b - Ensorcelled Hibernation        Hexes/Ice                    2
   c - Confuse                        Hexes                        3
   d - Tukima's Dance                 Hexes                        3
   e - Dazzling Spray                 Conjuration/Hexes            3
 C - a book of Geomancy

   Spells                             Type                      Level
   a - Sandblast                      Earth                        1
   b - Passwall                       Transmutation/Earth          2
   c - Stone Arrow                    Conjuration/Earth            3
   d - Petrify                        Transmutation/Earth          4
   e - Lee's Rapid Deconstruction     Earth                        5
Miscellaneous
 d - a box of beasts
Comestibles
 f - 3 bread rations
 w - 6 meat rations


   Skills:
 * Level 14.7(0.0) Fighting
 - Level 1.3(0.0) Axes
 * Level 7.8(0.0) Throwing
 * Level 10.4(0.0) Dodging
 - Level 1.2(0.0) Spellcasting
   Level 1.7(0.0) Poison Magic


You had 12 spell levels left.
You didn't know any spells.

Dungeon Overview and Level Annotations

Branches:
Dungeon (10/15)            Temple (1/1) D:6            Lair (1/6) D:8
    Orc: D:9-12

Altars:
Ashenzari
Cheibriados
Dithmenos
Elyvilon
Fedhas
Gozag
Hepliaklqana
Kikubaaqudgha
Makhleb
Nemelex Xobeh
Okawaru
Qazlal
Ru
Sif Muna
Trog
Uskayaw
Vehumet
Wu Jian
Xom
Yredelemnul
Zin
The Shining One

Shops:
D:5 [}?!

Annotations:
D:5 exclusions: upstairs and 1 more exclusion
D:9 Aragoth's ghost, novice SpEn
D:10 loom's ghost, journeyman DrFE


Innate Abilities, Weirdness & Mutations

You are too large for most types of armour.
You have tough skin. (AC +1)


Message History

You barely miss the komodo dragon.
The komodo dragon is severely wounded.
The komodo dragon bites you!
* * * LOW HITPOINT WARNING * * *
You hit the komodo dragon.
The komodo dragon is severely wounded.
The komodo dragon bites you but does no damage.
You slash the komodo dragon!
The komodo dragon is almost dead.
The komodo dragon bites you!!
* * * LOW HITPOINT WARNING * * *
You hit the komodo dragon but do no damage.
The komodo dragon is almost dead.
The komodo dragon bites you!
* * * LOW HITPOINT WARNING * * *
You hit the komodo dragon.
The komodo dragon is almost dead.
The komodo dragon bites you.
You die...
Your body crumbles into a pile of gold.

.. .# . #### .#
#.##..# .#
....##.### #...
... #..#.# #.#l.#
##.@#.......
#.<.#.....#.
.....)........#..
..###...####### .
##..# #..# #..#
#... ###.


You could see a komodo dragon.

Vanquished Creatures
  A centaur warrior (D:8)
  A two-headed ogre (D:4)
  Pikel (D:4)
  The ghost of Herrn the Skirmisher, a novice NaWn (D:6)
  2 trolls
  3 hippogriffs (D:8)
  4 hogs
  A human (D:8)
  A wyvern (D:9)
  A hungry ghost (D:8)
  A basilisk (Lair:1)
  The ghost of JackS81 the Changer, an amateur MfTm (D:4)
  A water moccasin (D:7)
  3 orc warriors
  A phantom (D:5)
  A sky beast (D:5)
  10 ogres
  5 centaurs
  A crocodile (Lair:1)
  3 big kobolds
  6 bullfrogs
  A wyvern zombie (D:7)
  A wyvern skeleton (D:8)
  A water moccasin zombie (D:8)
  4 scorpions
  4 wights (D:6)
  12 killer bees
  6 howler monkeys
  6 crimson imps
  A bullfrog zombie (D:8)
  A centaur zombie (D:5)
  2 quasits (D:8)
  8 hounds
  2 jellies
  8 orc priests
  4 centaur skeletons
  A bullfrog skeleton (D:10)
  An iguana (D:7)
  6 worker ants
  Natasha (thrice) (D:3)
  12 orc wizards
  2 hound skeletons
  Robin (D:2)
  A howler monkey zombie (D:7)
  10 gnolls
  A howler monkey skeleton (D:5)
  21 adders
  2 shadow imps (D:7)
  3 oozes
  2 adder skeletons
  6 worms
  2 dart slugs
  7 leopard geckos
  28 orcs
  6 giant cockroaches
  16 goblins
  10 hobgoblins
  10 jackals
  2 quokkas
  4 bats
  3 frilled lizards
  A jackal zombie (D:8)
  21 kobolds
  A leopard gecko skeleton (D:4)
  A leopard gecko zombie (D:5)
  13 rats
307 creatures vanquished.

Vanquished Creatures (others)
  A slave (D:4)
  An orc wizard (D:4)
  2 adders
4 creatures vanquished.

Grand Total: 311 creatures vanquished

Notes
Turn   | Place    | Note
-------+----------+-------------------------------------------
     0 | D:1      | Chiseanne the Ogre Wanderer began the quest for the Orb.
     0 | D:1      | Chiseanne set off with: a +2 hand axe, the Reference Book on Lightness, a potion of lignification, a +0 robe, a bread ration
     0 | D:1      | Reached XP level 1. HP: 24/24 MP: 2/2
   145 | D:1      | Reached XP level 2. HP: 28/33 MP: 3/3
   222 | D:1      | Reached skill level 1 in Dodging
   397 | D:1      | Reached XP level 3. HP: 37/41 MP: 4/4
  1333 | D:2      | Reached skill level 5 in Fighting
  1554 | D:2      | Reached XP level 4. HP: 20/50 MP: 5/5
  1738 | D:2      | Noticed Robin
  2006 | D:2      | Killed Robin
  2491 | D:3      | Reached XP level 5. HP: 54/59 MP: 6/6
  2650 | D:3      | Reached skill level 6 in Fighting
  2711 | D:3      | Found a runed door.
  2884 | D:3      | Noticed Natasha
  2892 | D:3      | Killed Natasha
  2990 | D:3      | Found a blossoming altar of Fedhas.
  3056 | D:3      | Found a sacrificial altar of Ru.
  3353 | D:3      | Noticed Natasha
  3359 | D:3      | Killed Natasha
  3359 | D:3      | Reached XP level 6. HP: 68/68 MP: 7/7
  3365 | D:3      | Noticed Natasha
  3405 | D:3      | Killed Natasha
  3479 | D:3      | Noticed Crazy Yiuf
  3480 | D:3      | Noticed Crazy Yiuf
  3480 | D:3      | Crazy Yiuf changed into Crazy Yiuf the jelly
  3484 | D:3      | Killed Crazy Yiuf the jelly
  3574 | D:4      | Noticed JackS81's ghost (amateur MfTm)
  3592 | D:4      | Killed JackS81's ghost
  3592 | D:4      | Reached skill level 7 in Fighting
  3786 | D:4      | Reached XP level 7. HP: 75/78 MP: 8/8
  4000 | D:4      | Reached skill level 8 in Fighting
  4246 | D:4      | Reached skill level 5 in Dodging
  4252 | D:4      | Noticed Pikel
  4268 | D:4      | Killed Pikel
  4268 | D:4      | Reached skill level 9 in Fighting
  4268 | D:4      | Reached XP level 8. HP: 57/92 MP: 9/9
  4467 | D:4      | Noticed a two-headed ogre
  4481 | D:4      | Killed a two-headed ogre
  4481 | D:4      | Reached skill level 10 in Fighting
  4481 | D:4      | Reached XP level 9. HP: 52/102 MP: 10/10
  4485 | D:4      | Reached skill level 11 in Fighting
  5130 | D:5      | Entered Level 5 of the Dungeon
  5298 | D:5      | Found Tirreuwa's Magic Scroll Shop.
  5771 | D:5      | Found Ypeuff's Distillery.
  5775 | D:5      | Found Vitatol's Gadget Shop.
  5776 | D:5      | Found Liemaast's Antique Armour Shop.
  5779 | D:5      | Bought a potion of degeneration for 13 gold pieces
  6630 | D:5      | Reached skill level 12 in Fighting
  7109 | D:6      | Noticed Herrn's ghost (novice NaWn)
  7437 | D:6      | Killed Herrn's ghost
  7437 | D:6      | Reached XP level 10. HP: 71/117 MP: 11/11
  8281 | D:6      | Found a staircase to the Ecumenical Temple.
  8283 | D:6      | Found a faded altar of an unknown god.
  8290 | Temple   | Entered the Ecumenical Temple
  8713 | D:7      | Found a hazy altar of Hepliaklqana.
  9115 | D:7      | Reached skill level 13 in Fighting
  9283 | D:7      | Reached skill level 5 in Throwing
 10894 | D:8      | Noticed a centaur warrior
 10904 | D:8      | Killed a centaur warrior
 10932 | D:8      | Reached XP level 11. HP: 60/128 MP: 12/12
 11181 | D:8      | Found a basalt altar of Yredelemnul.
 11192 | D:8      | Found a shimmering altar of Xom.
 11199 | D:8      | Found an ancient bone altar of Kikubaaqudgha.
 11209 | D:8      | Found a deep blue altar of Sif Muna.
 11219 | D:8      | Found a stormy altar of Qazlal.
 11224 | D:8      | Found a snail-covered altar of Cheibriados.
 11234 | D:8      | Found an opulent altar of Gozag.
 11238 | D:8      | Became a worshipper of Gozag Ym Sagoz the Greedy
 11349 | D:5      | Bought a scroll of remove curse for 30 gold pieces
 11349 | D:5      | Bought a scroll of identify for 20 gold pieces
 11368 | D:5      | Bought a scroll of immolation for 35 gold pieces
 11368 | D:5      | Bought a scroll of identify for 20 gold pieces
 11368 | D:5      | Bought a scroll of identify for 20 gold pieces
 11368 | D:5      | Bought a scroll of fear for 35 gold pieces
 11372 | D:5      | Bought a potion of curing for 39 gold pieces
 11601 | D:8      | Reached skill level 14 in Fighting
 11994 | D:8      | Found a staircase to the Lair.
 12215 | D:9      | Reached skill level 10 in Dodging
 12363 | D:9      | Noticed Aragoth's ghost (novice SpEn)
 12418 | D:8      | HP: 5/130 [poisoned by a killer bee]
 13210 | D:5      | Bought a fabulously ornate robe for 153 gold pieces
 13210 | D:5      | Identified the +4 robe "Oprol" {rElec rF+} (You bought it in a shop on level 5 of the Dungeon)
 14516 | D:10     | Entered Level 10 of the Dungeon
 14545 | D:10     | Noticed loom's ghost (journeyman DrFE)
 16978 | D:10     | Noticed a two-headed ogre
 17256 | Lair:1   | Entered Level 1 of the Lair of Beasts
 17427 | Lair:1   | HP: 2/131 [komodo dragon (15)]
 17428 | Lair:1   | Slain by a komodo dragon

Vault maps used:
D:1:      lemuel_arrival_room
D:2:      uniq_robin
D:3:      overflow_temple_1_default, nicolae_overflow_hidden_temple,
          first_bread, uniq_crazy_yiuf_cottage, uniq_natasha
D:4:      cheibrodos_barr_body, uniq_pikel
D:5:      minmay_shop_grid_forest
D:6:      nicolae_temple_entry_ecumenical
D:7:      kennysheep_little_box
D:8:      grunt_temple_overflow_octagram, lair_entry_dummy,
          small_chamber_with_monster, grunt_livestock
Temple:   nicolae_temple_hex_pool
Lair:1:   basic_altar

Skill      XL: |  1  2  3  4  5  6  7  8  9 10 11 |
---------------+----------------------------------+-----
Dodging        | 1 2 3 4 6 7 8 9 10 | 10.4
Fighting       | 5 6 7 9 10 12 13 14 | 14.7
Throwing       | 4 6 7 |  7.8
Axes           | |  1.3
Spellcasting   | |  1.2
Poison Magic   | |  1.7

Action                   |  1- 3 |  4- 6 |  7- 9 | 10-12 || total
-------------------------+-------+-------+-------+-------++-------
Melee: Hand axe          |    95 |       |       |       ||    95
       Long sword        |       |   175 |   263 |   353 ||   791
       Unarmed           |       |     3 |       |       ||     3
       Scimitar          |       |       |     8 |   189 ||   197
Throw: Stone             |       |     2 |     6 |    13 ||    21
       Tomahawk          |       |       |     7 |    41 ||    48
       Javelin           |       |       |       |     3 ||     3
Invok: Potion Petition   |       |       |       |     2 ||     2
Evoke: Wand              |       |     1 |     1 |       ||     2
  Use: Scroll            |       |     7 |     8 |    20 ||    35
       Potion            |       |       |     1 |    12 ||    13
 Stab: Sleeping          |       |       |       |     4 ||     4
  Eat: Chunk             |     2 |     7 |    12 |    10 ||    31
       Fruit             |       |       |       |     7 ||     7
       Royal jelly       |       |       |       |     5 ||     5
       Bread ration      |       |       |       |     2 ||     2
Armor: Robe              |    54 |    84 |   117 |   365 ||   620
       Skin              |       |    12 |       |    14 ||    26
Dodge: Dodged            |    77 |   124 |   186 |   591 ||   978
       Rpst.: Long sword |       |    33 |    59 |   100 ||   192
       Scimitar          |       |       |     4 |    46 ||    50

Table legend:
 A = Spawn XP
 B = Non-spawn XP
 C = Spawn XP percentage of total XP
 D = Spawn monster count
 E = Non-spawn monster count
 F = Spawn count percentage of total count
 G = Total turns spent on level
                    A         B        C        D         E        F      G
               +---------+---------+-------+---------+---------+-------+---------
         Total |       0 |   14473 |   0.0 |       0 |     308 |   0.0 | 17428
               +---------+---------+-------+---------+---------+-------+---------
           D:1 |       0 |      47 |   0.0 |       0 |      24 |   0.0 |  1318
           D:2 |       0 |     105 |   0.0 |       0 |      32 |   0.0 |  1177
           D:3 |       0 |     276 |   0.0 |       0 |      26 |   0.0 |  1052
           D:4 |       0 |    2262 |   0.0 |       0 |      32 |   0.0 |  1782
           D:5 |       0 |    1112 |   0.0 |       0 |      33 |   0.0 |  1803
           D:6 |       0 |    1354 |   0.0 |       0 |      22 |   0.0 |  1956
           D:7 |       0 |    1430 |   0.0 |       0 |      25 |   0.0 |  1443
           D:8 |       0 |    4446 |   0.0 |       0 |      52 |   0.0 |  3867
           D:9 |       0 |    2233 |   0.0 |       0 |      44 |   0.0 |  2505
          D:10 |       0 |     916 |   0.0 |       0 |      16 |   0.0 |   257
        Lair:1 |       0 |     292 |   0.0 |       0 |       2 |   0.0 |   172
               +---------+---------+-------+---------+---------+-------+---------
